| TOP OF THE 1ST |
|
Boston (APP) Red Sox batting - Pitching for Elizabethton Twins : RHP Bud Puffer
|
|
Pitching: RHP Bud Puffer
|
|
|
Batting: RHB Rogelio Cervantes
|
0-0: Ball 1-0: Called Strike 1-1: SINGLE (Flyball, 3D, EV 87.5 MPH)
|
|
Batting: RHB Matt Hinkle
|
0-0: Called Strike 0-1: Swinging Strike 0-2: Foul Ball, location: 2F 0-2: Strikes out swinging
|
|
Batting: RHB Frank Sokolosky
|
0-0: SINGLE (Line Drive, 8LS, EV 103.8 MPH) Rogelio Cervantes to second Runner from 2nd tries for 3rd, SAFE, throw by CF made to third
|
|
Batting: LHB Stanislav Parusov
|
0-0: Swinging Strike 0-1: Ball 1-1: Ball 2-1: Ball 3-1: Base on Balls Frank Sokolosky to second
|
|
Batting: SHB Eric Evans
|
0-0: Ball 1-0: Ball 2-0: Ball 3-0: Swinging Strike 3-1: Foul Ball, location: 2F 3-2: Base on Balls Rogelio Cervantes scores Frank Sokolosky to third Stanislav Parusov to second
|
|
Pitching: RHP Andrew Rich
|
|
|
Batting: LHB Frank Olivo
|
0-0: Foul Ball, location: 2F 0-1: SINGLE (Flyball, 7LS, EV 93.8 MPH) Frank Sokolosky scores Stanislav Parusov to third Eric Evans to second
|
|
Batting: RHB Mike Strey
|
0-0: Called Strike 0-1: Ball 1-1: Ball 2-1: Ball 3-1: Base on Balls Stanislav Parusov scores Eric Evans to third Frank Olivo to second
|
|
Batting: RHB Dominique Paolozzi
|
0-0: TRIPLE (Flyball, 78XD, EV 93.8 MPH) Eric Evans scores Frank Olivo scores Mike Strey scores
|
|
Batting: RHB Joe Booth
|
0-0: SINGLE (Groundball, 6MD, EV 97.5 MPH) Dominique Paolozzi scores
|
|
Batting: RHB Rogelio Cervantes
|
0-0: Ball 1-0: Called Strike 1-1: Called Strike 1-2: Grounds into double play, 5-4-3 (Groundball, 56, EV 87.5 MPH)
|
| Top of the 1st over - 7 runs, 5 hits, 0 errors, 0 left on base; Boston (APP) 7 - Elizabethton 0 |
| BOTTOM OF THE 1ST |
|
Elizabethton Twins batting - Pitching for Boston (APP) Red Sox : RHP Chris Cory
|
|
Pitching: RHP Chris Cory
|
|
|
Batting: RHB Andrew Nicol
|
0-0: Ball 1-0: Ball 2-0: Called Strike 2-1: Ground out 5-3 (Groundball, 5, EV 102.5 MPH)
|
|
Batting: LHB David Campbell
|
0-0: Ball 1-0: Ball 2-0: SINGLE (Groundball, 6MD, EV 94.4 MPH)
|
|
Batting: SHB Dan Morataya
|
0-0: Called Strike 0-1: Ball 1-1: Foul Ball, location: 2F 1-2: Strikes out looking
|
|
Batting: RHB Nick Phipps
|
0-0: Ball 1-0: Ball 2-0: Foul Ball, location: 2F 2-1: Swinging Strike 2-2: Foul Ball, location: 2F 2-2: Ball 3-2: Foul Ball, location: 2F 3-2: Fly out, F7 (Line Drive, 7, EV 95.0 MPH)
|
| Bottom of the 1st over - 0 runs, 1 hit, 0 errors, 1 left on base; Boston (APP) 7 - Elizabethton 0 |
| TOP OF THE 2ND |
|
Boston (APP) Red Sox batting - Pitching for Elizabethton Twins : RHP Andrew Rich
|
|
Batting: RHB Matt Hinkle
|
0-0: Called Strike 0-1: Foul Ball, location: 2F 0-2: Ball 1-2: Strikes out swinging
|
|
Batting: RHB Frank Sokolosky
|
0-0: Called Strike 0-1: Foul Ball, location: 2F 0-2: Ball 1-2: SINGLE (Line Drive, 89S, EV 113.1 MPH)
|
|
Pitching: RHP Jon Hice
|
|
|
Batting: LHB Stanislav Parusov
|
0-0: Foul Ball, location: 2F 0-1: Ball 1-1: Foul Ball, location: 2F 1-2: Ball Wild Pitch! Frank Sokolosky to second 2-2: Ball 3-2: Base on Balls
|
|
Batting: SHB Eric Evans
|
0-0: Foul Ball, location: 2F 0-1: SINGLE (Line Drive, 7LS, EV 91.9 MPH) Frank Sokolosky to third Stanislav Parusov to second Runner from 3rd tries for Home, SAFE, throw by LF to home
|
|
Batting: LHB Frank Olivo
|
0-0: Ball 1-0: Ball 2-0: Ball 3-0: Called Strike 3-1: Base on Balls Stanislav Parusov to third Eric Evans to second
|
|
Batting: RHB Mike Strey
|
0-0: Called Strike 0-1: Ball 1-1: Foul Ball, location: 2F 1-2: Ball 2-2: Ball 3-2: Reached on error, E9 (Flyball, 9LM, EV 88.8 MPH) Stanislav Parusov scores Eric Evans to third Frank Olivo to second
|
|
Batting: RHB Dominique Paolozzi
|
0-0: DOUBLE (Groundball, 5L, EV 103.1 MPH) Eric Evans scores Frank Olivo scores Mike Strey to third Runner from 3rd tries for Home, SAFE, no throw by LF
|
|
Pitching: RHP John Giffin
|
|
|
Batting: RHB Joe Booth
|
0-0: Ball 1-0: Called Strike 1-1: Ball 2-1: Foul Ball, location: 2F 2-2: Strikes out looking
|
|
Batting: RHB Rogelio Cervantes
|
0-0: Ball 1-0: Ball 2-0: Ground out 5-3 (Groundball, 56, EV 88.8 MPH)
|
| Top of the 2nd over - 5 runs, 3 hits, 1 error, 1 left on base; Boston (APP) 12 - Elizabethton 0 |
| BOTTOM OF THE 2ND |
|
Elizabethton Twins batting - Pitching for Boston (APP) Red Sox : RHP Chris Cory
|
|
Batting: RHB Jose Gracia
|
0-0: Ball 1-0: Ball 2-0: Ball 3-0: Called Strike 3-1: Base on Balls
|
|
Batting: RHB Jimmy Mayville
|
0-0: Ball 1-0: Fly out, F7 (Line Drive, 7D, EV 85.0 MPH)
|
|
Batting: RHB Alex Belton
|
0-0: Ball 1-0: Called Strike Jose Gracia steals 2nd base (no throw) 1-1: Ball 2-1: Called Strike 2-2: Foul Ball, location: 2F 2-2: Fly out, F4 (Flyball, 34D, EV 85.0 MPH)
|
|
Batting: LHB Jose Cotto
|
0-0: Ball 1-0: Ball 2-0: Foul Ball, location: 2F 2-1: Ball 3-1: Called Strike 3-2: SINGLE (Groundball, 5D, EV 95.0 MPH) Jose Gracia to third Runner from 3rd tries for Home, SAFE, throw by LF to home
|
|
Batting: SHB Nate Januchowski
|
0-0: Ball 1-0: Foul Ball, location: 2F 1-1: Called Strike 1-2: Foul Ball, location: 2F 1-2: Ball 2-2: Ball 3-2: Foul Ball, location: 2F 3-2: Base on Balls Jose Cotto to second
|
|
Batting: RHB Andrew Nicol
|
0-0: Ground out 5-3 (Groundball, 5S, EV 93.1 MPH)
|
| Bottom of the 2nd over - 1 run, 1 hit, 0 errors, 2 left on base; Boston (APP) 12 - Elizabethton 1 |
| TOP OF THE 3RD |
|
Boston (APP) Red Sox batting - Pitching for Elizabethton Twins : RHP John Giffin
|
|
Batting: RHB Matt Hinkle
|
0-0: Ball 1-0: Called Strike 1-1: Ball 2-1: SINGLE (Line Drive, 8RS, EV 90.0 MPH)
|
|
Batting: RHB Frank Sokolosky
|
0-0: SINGLE (Flyball, 8LS, EV 93.8 MPH) Matt Hinkle to second
|
|
Batting: LHB Stanislav Parusov
|
0-0: Fly out, F8 (Flyball, 8RM, EV 94.4 MPH)
|
|
Batting: SHB Eric Evans
|
0-0: Called Strike 0-1: SINGLE (Line Drive, 8RS, EV 104.4 MPH) Matt Hinkle to third Frank Sokolosky to second
|
|
Batting: LHB Frank Olivo
|
0-0: Ball 1-0: Ball 2-0: Called Strike 2-1: DOUBLE (Flyball, 8RXD, EV 93.8 MPH) Matt Hinkle scores Frank Sokolosky scores Eric Evans to third
|
|
Batting: RHB Mike Strey
|
0-0: Called Strike 0-1: Ground out 5-3 (Groundball, 56, EV 103.8 MPH) Eric Evans scores
|
|
Batting: RHB Dominique Paolozzi
|
0-0: Called Strike 0-1: Called Strike 0-2: Strikes out swinging
|
| Top of the 3rd over - 3 runs, 4 hits, 0 errors, 1 left on base; Boston (APP) 15 - Elizabethton 1 |
| BOTTOM OF THE 3RD |
|
Elizabethton Twins batting - Pitching for Boston (APP) Red Sox : RHP Chris Cory
|
|
Batting: LHB David Campbell
|
0-0: Ball 1-0: Ball 2-0: Called Strike 2-1: Swinging Strike 2-2: Foul Ball, location: 2F 2-2: Strikes out swinging
|
|
Batting: SHB Dan Morataya
|
0-0: Foul Ball, location: 2F 0-1: Ground out 4-3 (Groundball, 4, EV 103.8 MPH)
|
|
Batting: RHB Nick Phipps
|
0-0: Ball 1-0: Foul Ball, location: 2F 1-1: Called Strike 1-2: Ball 2-2: Foul Ball, location: 2F 2-2: Foul Ball, location: 2F 2-2: Strikes out looking
|
| Bottom of the 3rd over - 0 runs, 0 hits, 0 errors, 0 left on base; Boston (APP) 15 - Elizabethton 1 |
| TOP OF THE 4TH |
|
Boston (APP) Red Sox batting - Pitching for Elizabethton Twins : RHP John Giffin
|
|
Batting: RHB Joe Booth
|
0-0: Ball 1-0: Foul Ball, location: 2F 1-1: Swinging Strike 1-2: Foul Ball, location: 2F 1-2: Ball 2-2: Ball 3-2: Fly out, F9 (Flyball, 89M, EV 86.9 MPH)
|
|
Batting: RHB Rogelio Cervantes
|
0-0: Ball 1-0: Foul Ball, location: 2F 1-1: Foul Ball, location: 2F 1-2: Ball 2-2: Ground out 5-3 (Groundball, 5L, EV 95.0 MPH)
|
|
Batting: RHB Matt Hinkle
|
0-0: Called Strike 0-1: Called Strike 0-2: Ball 1-2: Ball 2-2: Strikes out swinging
|
| Top of the 4th over - 0 runs, 0 hits, 0 errors, 0 left on base; Boston (APP) 15 - Elizabethton 1 |
| BOTTOM OF THE 4TH |
|
Elizabethton Twins batting - Pitching for Boston (APP) Red Sox : RHP Chris Cory
|
|
Batting: RHB Jose Gracia
|
0-0: Called Strike 0-1: Ball 1-1: Fly out, F9 (Flyball, 89M, EV 86.9 MPH)
|
|
Batting: RHB Jimmy Mayville
|
0-0: Ball 1-0: Called Strike 1-1: Foul Ball, location: 2F 1-2: Foul Ball, location: 2F 1-2: Ball 2-2: Ground out 6-3 (Groundball, 6, EV 90.0 MPH)
|
|
Batting: RHB Alex Belton
|
0-0: Called Strike 0-1: Ground out 5-3 (Groundball, 56S, EV 91.9 MPH)
|
| Bottom of the 4th over - 0 runs, 0 hits, 0 errors, 0 left on base; Boston (APP) 15 - Elizabethton 1 |
| TOP OF THE 5TH |
|
Boston (APP) Red Sox batting - Pitching for Elizabethton Twins : RHP John Giffin
|
|
Pitching: RHP Ewan Wijker
|
|
|
Batting: RHB Frank Sokolosky
|
0-0: Ball 1-0: Foul Ball, location: 2F 1-1: Foul Ball, location: 2F 1-2: Ball 2-2: TRIPLE (Line Drive, 89XD, EV 103.1 MPH)
|
|
Batting: LHB Stanislav Parusov
|
0-0: Ball 1-0: Called Strike 1-1: Foul Ball, location: 2F 1-2: Ball 2-2: DOUBLE (Line Drive, 7LD, EV 111.2 MPH) Frank Sokolosky scores
|
|
Batting: SHB Eric Evans
|
0-0: Ball 1-0: Swinging Strike 1-1: Called Strike 1-2: Ball 2-2: Strikes out swinging
|
|
Batting: LHB Frank Olivo
|
0-0: Ball 1-0: Called Strike 1-1: Ball 2-1: Foul Ball, location: 2F 2-2: Ball 3-2: Fly out, F8 (Line Drive, 8LD, EV 90.6 MPH)
|
|
Batting: RHB Mike Strey
|
0-0: Called Strike 0-1: Ground out 4-3 (Groundball, 4, EV 96.9 MPH)
|
| Top of the 5th over - 1 run, 2 hits, 0 errors, 1 left on base; Boston (APP) 16 - Elizabethton 1 |
| BOTTOM OF THE 5TH |
|
Elizabethton Twins batting - Pitching for Boston (APP) Red Sox : RHP Chris Cory
|
|
Batting: LHB Jose Cotto
|
0-0: Called Strike 0-1: Ball 1-1: Foul Ball, location: 2F 1-2: DOUBLE (Line Drive, 5D, EV 98.1 MPH)
|
|
Batting: SHB Nate Januchowski
|
0-0: Ball 1-0: Fly out, F5 (Flyball, 5D, EV 76.2 MPH)
|
|
Batting: RHB Andrew Nicol
|
0-0: Ball 1-0: Called Strike 1-1: Foul Ball, location: 2F 1-2: Fly out, F3 (Line Drive, 3, EV 68.1 MPH)
|
|
Batting: LHB David Campbell
|
0-0: Reached on error, E5 (Groundball, 56, EV 85.0 MPH) Jose Cotto to third
|
|
Batting: SHB Dan Morataya
|
0-0: Called Strike 0-1: Ball 1-1: Ball 2-1: Called Strike 2-2: Foul Ball, location: 2F 2-2: Ball 3-2: Foul Ball, location: 2F 3-2: Fly out, F5 (Flyball, 5D, EV 86.9 MPH)
|
| Bottom of the 5th over - 0 runs, 1 hit, 1 error, 2 left on base; Boston (APP) 16 - Elizabethton 1 |
| TOP OF THE 6TH |
|
Boston (APP) Red Sox batting - Pitching for Elizabethton Twins : RHP Ewan Wijker
|
|
Batting: RHB Dominique Paolozzi
|
0-0: Called Strike 0-1: DOUBLE (Flyball, 78XD, EV 108.1 MPH)
|
|
Batting: RHB Joe Booth
|
0-0: Ball Wild Pitch! Dominique Paolozzi to third 1-0: Fly out, F8 (Flyball, 89D, EV 85.0 MPH) Runner from 3rd tags up, OUT at HOME! 8-2
|
|
Batting: RHB Rogelio Cervantes
|
0-0: Foul Ball, location: 2F 0-1: Called Strike 0-2: Fly out, F9 (Flyball, 9D, EV 106.2 MPH)
|
| Top of the 6th over - 0 runs, 1 hit, 0 errors, 0 left on base; Boston (APP) 16 - Elizabethton 1 |
| BOTTOM OF THE 6TH |
|
Elizabethton Twins batting - Pitching for Boston (APP) Red Sox : RHP Chris Cory
|
|
Batting: RHB Nick Phipps
|
0-0: Foul Ball, location: 2F 0-1: Foul Ball, location: 2F 0-2: Ball 1-2: Hit by Pitch
|
|
Batting: RHB Jose Gracia
|
0-0: SINGLE (Line Drive, 56, EV 103.8 MPH) Nick Phipps to second
|
|
Batting: RHB Jimmy Mayville
|
0-0: Ball 1-0: Ball 2-0: Foul Ball, location: 2F 2-1: Fielders Choice at 2nd, 1-6 (Groundball, 13S, EV 66.9 MPH) Nick Phipps to third
|
|
Pitching: RHP Victor Escobar
|
|
|
Batting: RHB Alex Belton
|
0-0: Ball 1-0: Ball 2-0: Called Strike 2-1: Foul Ball, location: 2F 2-2: Foul Ball, location: 2F 2-2: Strikes out swinging
|
|
Batting: LHB Jose Cotto
|
0-0: Ball 1-0: Called Strike 1-1: Swinging Strike 1-2: Strikes out swinging
|
| Bottom of the 6th over - 0 runs, 1 hit, 0 errors, 2 left on base; Boston (APP) 16 - Elizabethton 1 |
| TOP OF THE 7TH |
|
Boston (APP) Red Sox batting - Pitching for Elizabethton Twins : RHP Ewan Wijker
|
|
Batting: RHB Matt Hinkle
|
0-0: Called Strike 0-1: Ball 1-1: Called Strike 1-2: Ball 2-2: Foul Ball, location: 2F 2-2: Ball 3-2: Base on Balls
|
|
Batting: RHB Frank Sokolosky
|
0-0: Swinging Strike 0-1: Foul Ball, location: 2F 0-2: Ball 1-2: Fielders Choice at 2nd, 4-6 (Groundball, 4, EV 111.2 MPH)
|
|
Pitching: RHP Keith Nix
|
|
|
Pinch Hitting: RHB Paul Bennett
|
0-0: Ball 1-0: Fly out, F8 (Flyball, 8RM, EV 83.8 MPH)
|
|
Batting: SHB Eric Evans
|
0-0: Ball 1-0: Ball 2-0: DOUBLE (Line Drive, 89D, EV 105.6 MPH) Frank Sokolosky to third Runner from 3rd tries for Home, SAFE, throw by RF to trailing runner, SAFE at third!
|
|
Batting: LHB Frank Olivo
|
0-0: Ball 1-0: Called Strike 1-1: Fly out, F7 (Flyball, 78S, EV 91.9 MPH)
|
| Top of the 7th over - 1 run, 1 hit, 0 errors, 1 left on base; Boston (APP) 17 - Elizabethton 1 |
| BOTTOM OF THE 7TH |
|
Elizabethton Twins batting - Pitching for Boston (APP) Red Sox : RHP Victor Escobar
|
|
Now at 2B: Paul Bennett
|
|
|
Batting: SHB Nate Januchowski
|
0-0: Ball 1-0: Ball 2-0: Called Strike 2-1: Foul Ball, location: 2F 2-2: Ball 3-2: Foul Ball, location: 2F 3-2: Foul Ball, location: 2F 3-2: Strikes out swinging
|
|
Pinch Hitting: RHB Ryan Hawkins
|
0-0: Called Strike 0-1: Ball 1-1: Fly out, F9 (Flyball, 9D, EV 106.2 MPH)
|
|
Batting: LHB David Campbell
|
0-0: Swinging Strike 0-1: SINGLE (Groundball, 34D, EV 103.1 MPH)
|
|
Pinch Hitting: RHB Aaron Dusch
|
0-0: Foul Ball, location: 2F 0-1: Ball 1-1: Foul Ball, location: 2F 1-2: Ball 2-2: Strikes out swinging, 2-3 out at first.
|
| Bottom of the 7th over - 0 runs, 1 hit, 0 errors, 1 left on base; Boston (APP) 17 - Elizabethton 1 |
| TOP OF THE 8TH |
|
Boston (APP) Red Sox batting - Pitching for Elizabethton Twins : RHP Keith Nix
|
|
Now at 3B: Ryan Hawkins
|
|
|
Now in RF: Aaron Dusch
|
|
|
Batting: RHB Mike Strey
|
0-0: Ball 1-0: Called Strike 1-1: Foul Ball, location: 2F 1-2: SINGLE (Line Drive, 5D, EV 96.9 MPH)
|
|
Batting: RHB Dominique Paolozzi
|
0-0: Foul Ball, location: 2F 0-1: Ball 1-1: Ball 2-1: Foul Ball, location: 2F 2-2: Foul Ball, location: 2F 2-2: Strikes out swinging
|
|
Batting: RHB Joe Booth
|
0-0: Ball 1-0: Foul Ball, location: 2F 1-1: Ball 2-1: Grounds into double play, 4-6-3 (Groundball, 4, EV 81.9 MPH)
|
| Top of the 8th over - 0 runs, 1 hit, 0 errors, 0 left on base; Boston (APP) 17 - Elizabethton 1 |
| BOTTOM OF THE 8TH |
|
Elizabethton Twins batting - Pitching for Boston (APP) Red Sox : RHP Victor Escobar
|
|
Pitching: RHP Rich Brown
|
|
|
Batting: RHB Nick Phipps
|
0-0: Ground out 5-3 (Groundball, 56S, EV 73.8 MPH)
|
|
Batting: RHB Jose Gracia
|
0-0: Called Strike 0-1: Foul Ball, location: 2F 0-2: Ball 1-2: Foul Ball, location: 2F 1-2: Ball 2-2: Fly out, F4 (Line Drive, 4, EV 66.2 MPH)
|
|
Pinch Hitting: LHB Diego Gutierres
|
0-0: Called Strike 0-1: Ball 1-1: Called Strike 1-2: Ball 2-2: Ground out 4-3 (Groundball, 4D, EV 101.9 MPH)
|
| Bottom of the 8th over - 0 runs, 0 hits, 0 errors, 0 left on base; Boston (APP) 17 - Elizabethton 1 |
| TOP OF THE 9TH |
|
Boston (APP) Red Sox batting - Pitching for Elizabethton Twins : RHP Keith Nix
|
|
Now at 1B: Diego Gutierres
|
|
|
Batting: RHB Rogelio Cervantes
|
0-0: Fly out, F7 (Line Drive, 7, EV 110.6 MPH)
|
|
Pinch Hitting: RHB Curt Stallings
|
0-0: Called Strike 0-1: Ball 1-1: Called Strike 1-2: Fly out, F7 (Flyball, 7S, EV 83.8 MPH)
|
|
Batting: RHB Frank Sokolosky
|
0-0: Called Strike 0-1: Called Strike 0-2: Ball 1-2: SINGLE (Line Drive, 89S, EV 88.8 MPH)
|
|
Batting: RHB Paul Bennett
|
0-0: Fly out, F2 (Popup, 23F, EV 77.5 MPH)
|
| Top of the 9th over - 0 runs, 1 hit, 0 errors, 1 left on base; Boston (APP) 17 - Elizabethton 1 |
| BOTTOM OF THE 9TH |
|
Elizabethton Twins batting - Pitching for Boston (APP) Red Sox : RHP Rich Brown
|
|
Now in LF: Curt Stallings
|
|
|
Pinch Hitting: RHB Matthew Dodson
|
0-0: Ball 1-0: Ball 2-0: Ball 3-0: Called Strike 3-1: Base on Balls
|
|
Pinch Hitting: RHB Miguel Castella
|
0-0: Swinging Strike 0-1: Called Strike 0-2: Ball 1-2: Foul Ball, location: 2F 1-2: Foul Ball, location: 2F 1-2: Strikes out swinging
|
|
Pinch Hitting: RHB Miguel Cardona
|
0-0: Ball 1-0: Swinging Strike 1-1: Ball 2-1: Foul Ball, location: 2F 2-2: Foul Ball, location: 2F 2-2: Grounds into double play, 4-6-3 (Groundball, 4, EV 88.1 MPH)
|
| Bottom of the 9th over - 0 runs, 0 hits, 0 errors, 0 left on base; Boston (APP) 17 - Elizabethton 1 |
|